 Dungeon Sprint DCSS version 0.19-a0-49-gb8736b8 (webtiles) character file.

15 FitzyFitz the Changer (level 2, -4/23 HPs)
             Began as a Draconian Transmuter on May 6, 2016.
             Was a Follower of Makhleb.
             Slain by a troll (12 damage)
             ... in the Dungeon (Sprint V: "Ziggurat Sprint").
             The game lasted 00:02:00 (172 turns).

FitzyFitz the Changer (Draconian Transmuter)         Turns: 172, Time: 00:02:01

Health: -4/23      AC:  4    Str: 12    XL:     2   Next: 34%
Magic:  4/8        EV: 12    Int: 25    God:    Makhleb [*.....]
Gold:   0          SH:  0    Dex: 11    Spells: 2 memorised, 8 levels left

rFire  . . .     SeeInvis .     N - +3 rod of ignition (5/11)
rCold  . . .     Gourm    .     (armour unavailable)
rNeg   . . .     Faith    .     (no shield)
rPois  .         Spirit   .     (helmet restricted)
rElec  .         Dismiss  .     (no cloak)
rCorr  .         Reflect  .     (no gloves)
SustAt .         Harm     .     (no boots)
MR     .....     NoTele   +     (no amulet)
Stlth  +.........               F - +6 ring of intelligence
                                E - +6 ring of intelligence

@: not resistant to hostile enchantments, very unstealthy
A: unfitting armour, cold-blooded, AC +4
a: Renounce Religion


You were in the Dungeon.
You worshipped Makhleb.
Makhleb was aware of your devotion.
You were not hungry.

You visited 1 branch

Inventory:

Hand Weapons
 M - the +6 shillelagh "Devastator" {shatter}
   (You found it in the Dungeon)
Missiles
 a - 1004 arrows
Armour
 m - a +3 buckler
 I - a +3 large shield
 J - a +3 shield
 L - the +18 shield of the gong {rElec rN+ MR+ EV-5}
   (You found it in the Dungeon)

   It affects your evasion (-5).
   It insulates you from electricity.
   It protects you from negative energy.
   It affects your resistance to hostile enchantments.
Rods
 N - a +3 rod of ignition (5/11) (in hand)
   (You found it in the Dungeon)
Jewellery
 C - a +6 ring of dexterity
 D - a +6 ring of dexterity
 E - a +6 ring of intelligence (left hand)
 F - a +6 ring of intelligence (right hand)
 G - a +6 ring of strength
 H - a +6 ring of strength
Wands
 y - a wand of disintegration (7/24)
 z - a wand of iceblast (5/15)
 A - a wand of lightning (5/15)
 B - a wand of acid (5/15)
Scrolls
 i - 4 scrolls of blinking
 p - 4 scrolls of amnesia
 q - 3 scrolls of recharging
 r - 7 scrolls of fog
 s - a scroll of holy word
 t - 5 scrolls of identify
 u - 5 scrolls of remove curse
 v - 2 scrolls of fear
Potions
 d - 10 potions of curing
 e - 10 potions of heal wounds
 f - 6 potions of haste
 g - 7 potions of magic
 h - 3 potions of berserk rage
 j - 2 potions of brilliance
 k - 2 potions of invisibility
 l - 4 potions of resistance
 n - 5 potions of agility
 o - 5 potions of might
Books
 b - a book of Changes

   Spells                             Type                      Level
   a - Beastly Appendage              Transmutation                1
   b - Sticks to Snakes               Transmutation                2
   c - Spider Form                    Transmutation/Poison         3
   d - Ice Form                       Ice/Transmutation            4
   e - Blade Hands                    Transmutation                5
Miscellaneous
 K - a crystal ball of energy
Comestibles
 c - 5 bread rations
 w - 42 fruits
 x - 4 meat rations
 O - 2 chunks of flesh


   Skills:
 - Level 1.1 Fighting
 - Level 1.7 Dodging
 - Level 3.0 Unarmed Combat
 + Level 5.3 Spellcasting
 + Level 5.7 Transmutations


You had 8 spell levels left.
You knew the following spells:

 Your Spells              Type           Power        Failure   Level  Hunger
a - Beastly Appendage     Trmt           #####.       1%          1    None
b - Sticks to Snakes      Trmt           #####...     1%          2    None


Dungeon Overview and Level Annotations

Branches:
Dungeon (1/1)

Altars:
Ashenzari
Cheibriados
Dithmenos
Elyvilon
Fedhas
Gozag
Kikubaaqudgha
Makhleb
Nemelex Xobeh
Okawaru
Pakellas
Qazlal
Ru
Sif Muna
Trog
Vehumet
Xom
Yredelemnul
Zin
The Shining One
Beogh
Jiyva
Lugonu


Innate Abilities, Weirdness & Mutations

Your plain brown scales are hard (AC +4).
Your body does not fit into most forms of armour.
You are cold-blooded and may be slowed by cold attacks.


Message History

Aim: a troll The explosive bolt hits the troll.
The explosive bolt releases an explosion!
The fiery explosion engulfs the troll.
The troll is moderately wounded.
The fiery explosion engulfs the troll.
The troll is moderately wounded.
The fiery explosion engulfs the two-headed ogre.
The two-headed ogre is heavily wounded.
Unknown command.
Casting: Sticks to Snakes
Confirm with . or Enter, or press ? or * to list all spells.
You create 2 snakes!
You now have 1006 arrows.
Casting: Sticks to Snakes
Confirm with . or Enter, or press ? or * to list all spells.
You create 2 snakes!
You now have 1004 arrows.
The troll bites you!
Ouch! That really hurt!
The troll claws you!
Ouch! That really hurt!
You die...

▓▓▓▓▓▓▓▓▓▓▓▓▓
▓.8©8.▓.8©8.▓
▓.))|.▓.....▓
▓.....▓.[...▓
▓.....▓.....▓
▓S.O.S▓.....▓
▓.TT.S▓.....▓
▓.S@..▓▓▓▓▓▓▓
▓▓▓▓▓▓▓


You could see 2 trolls, a two-headed ogre and 4 friendly ball pythons.

Vanquished Creatures
  An adder (D)
1 creature vanquished.

Vanquished Creatures (collateral kills)
  A ball python (D)
1 creature vanquished.

Grand Total: 2 creatures vanquished

Notes
Turn   | Place    | Note
--------------------------------------------------------------
     0 | D        | FitzyFitz the Draconian Transmuter began the quest for the Orb.
     0 | D        | Reached XP level 1. HP: 16/16 MP: 3/3
     0 | D        | Found a viscous altar of Jiyva.
     0 | D        | Found a roughly hewn altar of Beogh.
     0 | D        | Found a corrupted altar of Lugonu.
     0 | D        | Found a white marble altar of Elyvilon.
     0 | D        | Found a sparkling altar of Nemelex Xobeh.
     1 | D        | Found a burning altar of Makhleb.
     1 | D        | Found an iron altar of Okawaru.
     1 | D        | Found a deep blue altar of Sif Muna.
     1 | D        | Found a radiant altar of Vehumet.
     1 | D        | Found a bloodstained altar of Trog.
     1 | D        | Found a shimmering altar of Xom.
    32 | D        | Became a worshipper of Makhleb the Destroyer
    34 | D        | Reached skill level 5 in Spellcasting
    34 | D        | Reached skill level 5 in Transmutations
    34 | D        | Reached XP level 2. HP: 23/23 MP: 4/8
    38 | D        | Learned a level 2 spell: Sticks to Snakes
   106 | D        | Entered arena 1.
   111 | D        | Reached * piety under Makhleb
   168 | D        | Entered arena 2.
   168 | D        | Noticed a two-headed ogre
   168 | D        | Noticed a troll
   168 | D        | Noticed a troll
   169 | D        | Identified a +3 rod of ignition (11/11) (You found it in the Dungeon)
   172 | D        | Slain by a troll

Vault maps used:
D:        sprint_v

Skill      XL: |  1 |
---------------+----+-----
Spellcasting   | 5 |  5.3
Transmutations | 5 |  5.7
Fighting       | |  1.1
Dodging        | |  1.7
Unarmed Combat | |  3.0

Action                   || total
-------------------------++-------
Melee: Unarmed           ||     2
 Cast: Sticks to Snakes  ||     5
Evoke: Rod               ||     1
  Use: Potion            ||     1
Armor: Skin              ||     1
Dodge: Dodged            ||     5
